 Dungeon Crawl Stone Soup version 0.25.0-9-g26727b657a (webtiles) character file.

Game seed: 14851217461763327645

179 Fv001 the Magician (level 5, 0/37 HPs)
             Began as a Gnoll Wizard on June 21, 2020.
             Slain by Crazy Yiuf
             ... wielding a +4 quarterstaff of chaos
              (6 damage)
             ... while paralysed by Crazy Yiuf
             ... on level 3 of the Dungeon.
             The game lasted 00:15:04 (3158 turns).

Fv001 the Magician (Gnoll Wizard)                   Turns: 3158, Time: 00:15:05

Health: 0/37       AC:  6    Str: 10    XL:     5   Next: 59%
Magic:  11/23      EV:  2    Int: 20    God:
Gold:   211        SH:  0    Dex: 14    Spells: 5/18 levels left

rFire    . . .     SeeInvis .   a - +0 dagger
rCold    . . .     Gourm    .   (no shield)
rNeg     . . .     Faith    .   f - +0 robe
rPois    .         Spirit   .   h - +2 helmet
rElec    .         Reflect  .   (no cloak)
rCorr    .         Harm     .   g - +0 pair of gloves (curse)
MR       .....                  (no boots)
Stlth    ++++......             (no amulet)
HPRegen  0.12/turn              n - ring of stealth
MPRegen  0.18/turn              c - ring of magical power

@: paralysed, agile, very slightly contaminated
A: distributed training, fangs 1, strong nose
a: no special abilities


You were on level 3 of the Dungeon.
You were not hungry.

You visited 1 branch of the dungeon, and saw 3 of its levels.

You collected 211 gold pieces.

Inventory:

Hand Weapons
 a - a +0 dagger (weapon)
 b - a +0 spear
Missiles
 i - 106 stones (quivered)
 w - 4 boomerangs
Armour
 e - a +0 chain mail
 f - a +0 robe (worn)
 g - a cursed +0 pair of gloves (worn)
 h - a +2 helmet (worn)
 u - a +0 ring mail
 v - a +0 leather armour
 y - a +0 scale mail
Jewellery
 c - a ring of magical power (right hand)
 n - a ring of stealth (left hand)
 s - an uncursed ring of protection from cold
Wands
 x - a wand of acid (7)
Scrolls
 k - a scroll of teleportation
 l - 2 scrolls of magic mapping
 o - a scroll of amnesia
 q - a scroll of enchant armour {unknown}
 t - a scroll of remove curse {unknown}
Potions
 j - 4 potions of curing
 m - 2 potions of berserk rage
 r - 3 potions of flight
Comestibles
 d - 7 rations
 z - 2 chunks of flesh


   Skills:
 + Level 1.5 Fighting
 + Level 1.5 Short Blades
 + Level 1.5 Long Blades
 + Level 1.5 Axes
 + Level 1.5 Maces & Flails
 + Level 1.5 Polearms
 + Level 1.5 Staves
 + Level 1.5 Slings
 + Level 1.5 Bows
 + Level 1.5 Crossbows
 + Level 1.5 Throwing
 + Level 1.5 Armour
 + Level 4.8 Dodging
 + Level 4.4 Stealth
 + Level 1.5 Shields
 + Level 1.5 Unarmed Combat
 + Level 7.3 Spellcasting
 + Level 2.4 Conjurations
 + Level 1.2 Hexes
 + Level 1.2 Charms
 + Level 2.4 Summonings
 + Level 1.2 Necromancy
 + Level 2.4 Translocations
 + Level 1.2 Transmutations
 + Level 1.2 Fire Magic
 + Level 1.2 Ice Magic
 + Level 1.2 Air Magic
 + Level 1.2 Earth Magic
 + Level 1.2 Poison Magic
 + Level 1.7 Invocations
 + Level 1.5 Evocations


You had 5 spell levels left.
You knew the following spells:

 Your Spells              Type           Power        Failure   Level  Hunger
a - Magic Dart            Conj           ###.         3%          1    None
b - Call Imp              Summ           ###.....     4%          2    None
c - Conjure Flame         Conj/Fire      ##......     13%         3    #......
d - Blink                 Tloc           N/A          4%          2    None
e - Slow                  Hex            ##......     9%          2    None
f - Mephitic Cloud        Conj/Pois/Air  ##......     14%         3    #......

Your spell library contained the following spells:

 Spells                   Type           Power        Failure   Level  Hunger


Dungeon Overview and Level Annotations

Branches:
Dungeon (3/15)

Altars:
Gozag

Annotations:
D:3 Crazy Yiuf


Innate Abilities, Weirdness & Mutations

Your experience applies equally to all skills.
You have very sharp teeth.
Your uncanny sense of smell can sniff out nearby items.


Message History

Confirm with . or Enter, or press ? or * to list all spells.
Aiming: Slow (safe; 9% risk of failure)
Press: ? - help, Shift-Dir - straight line, f/p - Crazy Yiuf
Aim: Crazy Yiuf, wielding a +4 quarterstaff of chaos and wearing a +0 cloak (moderately wounded, chance to defeat MR: 57%) Crazy Yiuf resists with significant effort.
Crazy Yiuf hits you with a +4 quarterstaff of chaos!
You suddenly lose the ability to move!
Crazy Yiuf hits you with a +4 quarterstaff of chaos.
* * * LOW HITPOINT WARNING * * *
You feel agile all of a sudden.
Your crimson imp hits Crazy Yiuf but does no damage.
Crazy Yiuf hits you with a +4 quarterstaff of chaos.
* * * LOW HITPOINT WARNING * * *
Your crimson imp blinks!
Crazy Yiuf screams, "Citrus!"
Crazy Yiuf hits you with a +4 quarterstaff of chaos.
* * * LOW HITPOINT WARNING * * *
Crazy Yiuf draws strength from your wounds!
Crazy Yiuf hits you with a +4 quarterstaff of chaos.
You die...

########
##....#.### ###
##......#..##...#
#..5..P####5'...#
#5..5.## ###..)#
#g##### ### #@#
#.# #.#
############ #
#.###..........# #
#...[..........###
#####..........#..
##...)........
#..........#.#
#..........#.#


You could see Crazy Yiuf and 2 friendly crimson imps.

Vanquished Creatures
  2 orc wizards (D:3)
  A worker ant zombie (D:3)
  3 adders (D:3)
  A worm (D:3)
  3 dart slugs
  2 leopard geckos
  An orc (D:3)
  A ball python (D:2)
  3 bats
  2 giant cockroaches
  11 goblins
  2 quokkas (D:2)
  6 frilled lizards
  9 kobolds
  7 rats
54 creatures vanquished.

Vanquished Creatures (collateral kills)
  An orc wizard (D:3)
  5 adders
  A gnoll (D:1)
  A dart slug (D:2)
  A leopard gecko (D:3)
  6 orcs
  2 bats
  2 goblins (D:3)
  A hobgoblin (D:3)
20 creatures vanquished.

Grand Total: 74 creatures vanquished

Notes
Turn   | Place    | Note
-------+----------+-------------------------------------------
     0 | D:1      | Fv001 the Gnoll Wizard began the quest for the Orb.
     0 | D:1      | Reached XP level 1. HP: 13/13 MP: 8/8
   117 | D:1      | Reached XP level 2. HP: 9/19 MP: 2/10
   145 | D:1      | Learned a level 2 spell: Call Imp
   597 | D:1      | Reached XP level 3. HP: 25/25 MP: 4/11
  1009 | D:2      | Reached skill level 1 in Invocations
  1019 | D:2      | Learned a level 3 spell: Conjure Flame
  1413 | D:2      | Reached skill level 1 in Fighting
  1413 | D:2      | Reached skill level 1 in Short Blades
  1413 | D:2      | Reached skill level 1 in Long Blades
  1413 | D:2      | Reached skill level 1 in Axes
  1413 | D:2      | Reached skill level 1 in Maces & Flails
  1413 | D:2      | Reached skill level 1 in Polearms
  1413 | D:2      | Reached skill level 1 in Staves
  1413 | D:2      | Reached skill level 1 in Slings
  1413 | D:2      | Reached skill level 1 in Bows
  1413 | D:2      | Reached skill level 1 in Crossbows
  1413 | D:2      | Reached skill level 1 in Throwing
  1413 | D:2      | Reached skill level 1 in Armour
  1413 | D:2      | Reached skill level 1 in Shields
  1413 | D:2      | Reached skill level 1 in Unarmed Combat
  1413 | D:2      | Reached skill level 1 in Evocations
  1731 | D:2      | Reached XP level 4. HP: 32/32 MP: 13/13
  1962 | D:3      | Found an opulent altar of Gozag.
  2119 | D:3      | Learned a level 2 spell: Blink
  2122 | D:3      | Learned a level 2 spell: Slow
  2126 | D:3      | Learned a level 3 spell: Mephitic Cloud
  2166 | D:3      | Reached skill level 1 in Hexes
  2166 | D:3      | Reached skill level 1 in Charms
  2166 | D:3      | Reached skill level 1 in Necromancy
  2166 | D:3      | Reached skill level 1 in Transmutations
  2166 | D:3      | Reached skill level 1 in Fire Magic
  2166 | D:3      | Reached skill level 1 in Ice Magic
  2166 | D:3      | Reached skill level 1 in Air Magic
  2166 | D:3      | Reached skill level 1 in Earth Magic
  2166 | D:3      | Reached skill level 1 in Poison Magic
  2489 | D:3      | Reached XP level 5. HP: 37/37 MP: 13/14
  2902 | D:3      | Found a runed translucent door.
  2903 | D:3      | Noticed Crazy Yiuf
  3154 | D:3      | Paralysed by Crazy Yiuf for 6 turns
  3158 | D:3      | Slain by Crazy Yiuf

Illustrated notes

Levels and vault maps discovered:
D:1:      lightli_arrival_statuegarden, layout_rooms
D:2:      layout_loops_ring, first_ration
D:3:      layout_rooms, overflow_temple_1_default, st_stairs_13,
          uniq_crazy_yiuf_cottage

Skill      XL: |  1  2  3  4 |
---------------+-------------+-----
Conjurations   | 2 |  2.4
Summonings     | 2 |  2.4
Translocations | 2 |  2.4
Invocations    | 1 |  1.7
Fighting       | 1 |  1.5
Short Blades   | 1 |  1.5
Long Blades    | 1 |  1.5
Axes           | 1 |  1.5
Maces & Flails | 1 |  1.5
Polearms       | 1 |  1.5
Staves         | 1 |  1.5
Slings         | 1 |  1.5
Bows           | 1 |  1.5
Crossbows      | 1 |  1.5
Throwing       | 1 |  1.5
Armour         | 1 |  1.5
Shields        | 1 |  1.5
Unarmed Combat | 1 |  1.5
Evocations     | 1 |  1.5
Hexes          | 1 |  1.2
Charms         | 1 |  1.2
Necromancy     | 1 |  1.2
Transmutations | 1 |  1.2
Fire Magic     | 1 |  1.2
Ice Magic      | 1 |  1.2
Air Magic      | 1 |  1.2
Earth Magic    | 1 |  1.2
Poison Magic   | 1 |  1.2
Dodging        | |  4.8
Stealth        | |  4.4
Spellcasting   | |  7.3

Action                   |  1- 3 |  4- 6 || total
-------------------------+-------+-------++-------
Melee: Dagger            |    16 |     9 ||    25
       Short sword       |     7 |     8 ||    15
       Spear             |       |    59 ||    59
       Bite              |       |     8 ||     8
 Cast: Magic Dart        |    41 |    36 ||    77
       Call Imp          |    10 |    28 ||    38
       Conjure Flame     |     2 |     2 ||     4
       Mephitic Cloud    |       |     1 ||     1
       Slow              |       |     3 ||     3
  Use: Scroll            |     6 |     2 ||     8
       Potion            |       |     1 ||     1
 Stab: Sleeping          |     3 |     4 ||     7
       Distracted        |       |     1 ||     1
  Eat: Chunk             |     2 |     5 ||     7
Armor: Robe              |     3 |    21 ||    24
Dodge: Dodged            |    20 |    50 ||    70
